 Dungeon Crawl Stone Soup version 0.27.1 (webtiles) character file.

Game seed: 999037533217210531

1101 hawla the Covert (level 8, -2/46 HPs)
             Began as a Deep Elf Delver on Sept 1, 2021.
             Slain by a black bear (6 damage)
             ... on level 5 of the Dungeon on Sept 2, 2021.
             The game lasted 00:19:22 (6071 turns).

hawla the Covert (Deep Elf Delver)                  Turns: 6071, Time: 00:19:22

Health: -2/46      AC:  7    Str: 11    XL:     8   Next: 10%
Magic:  14/14      EV: 13    Int: 18    God:
Gold:   131        SH:  4    Dex: 16    Spells: 10/11 levels left

rFire    . . .     SeeInvis .   d - +3 short sword (venom)
rCold    . . .     Faith    .   e - +1 buckler "Dewoden" {Will+}
rNeg     . . .     Spirit   .   a - +0 robe
rPois    .         Reflect  .   q - +2 hat
rElec    .         Harm     .   (no cloak)
rCorr    .         Rampage  .   (no gloves)
Will     +....     Rnd*Rage +   i - +2 pair of boots
Stlth    ++++......             (no amulet)
HPRegen  0.15/turn              (no ring)
MPRegen  0.14/turn              (no ring)

@: no status effects
A: berserk 1, high mp 1, strong 1, wild magic 1
a: no special abilities


You were on level 5 of the Dungeon.
You visited 1 branch of the dungeon, and saw 5 of its levels.

You collected 215 gold pieces.
You spent 84 gold pieces at shops.

Inventory:

Hand Weapons
 d - a +3 short sword of venom (weapon)
 l - a +1 rapier of electrocution
Armour
 a - a +0 robe (worn)
 e - the +1 buckler "Dewoden" (worn) {Will+}
   (You found it on level 4 of the Dungeon)

   Will:      It increases your willpower.
 i - a +2 pair of boots (worn)
 q - a +2 hat (worn)
Jewellery
 t - a ring of resist corrosion
Wands
 n - a wand of flame (2)
Scrolls
 b - 2 scrolls of amnesia
 c - a scroll of fog
 j - a scroll of enchant weapon
 p - a scroll of identify
Potions
 m - a potion of flight


   Skills:
 - Level 3.0 Fighting
 + Level 7.1 Short Blades
 - Level 4.0 Dodging
 - Level 8.0 Stealth
 - Level 2.0 Spellcasting
 - Level 2.0 Conjurations
 - Level 2.0 Fire Magic
 - Level 2.0 Evocations


You had 10 spell levels left.
You knew the following spells:

 Your Spells              Type           Power      Damage    Failure   Level
a - Foxfire               Conj/Fire      44%        2x1d6     19%         1

Your spell library contained the following spells:

 Spells                   Type           Power      Damage    Failure   Level
 Shock                    Conj/Air       28%        1d4       28%         1
 Conjure Flame            Conj/Fire      11%        6-21      45%         3
 Inner Flame              Hex/Fire       7%         N/A       61%         3


Dungeon Overview and Level Annotations

Branches:
Dungeon (5/15)
 Temple: D:4-7

Altars:
Cheibriados
Dithmenos
Hepliaklqana
Okawaru
Qazlal
Sif Muna
Uskayaw
Vehumet
Wu Jian

Shops:
D:2 !


Innate Abilities, Weirdness & Mutations

You tend to lose your temper in combat.
You have an increased reservoir of magic. (+10% MP)
Your muscles are strong. (Str +2)
Your spells are a little harder to cast, but a little more powerful.


Message History

The black bear is heavily wounded.
The black bear closely misses you.
The black bear claws you but does no damage.
The black bear closely misses you.
You completely miss the black bear.
The black bear is severely wounded.
The black bear bites you but does no damage.
The black bear claws you.
The black bear claws you but does no damage.
The black bear goes berserk!
The black bear bites you! The black bear misses you.
The black bear closely misses you.
You barely miss the black bear.
The black bear is severely wounded.
The black bear barely misses you. The black bear misses you.
The black bear closely misses you.
You barely miss the black bear.
The black bear is severely wounded.
The black bear looks more healthy.
The black bear closely misses you.
The black bear claws you but does no damage.
The black bear closely misses you. The black bear bites you.
You block the black bear's attack. The black bear barely misses you.
You hit the black bear.
The black bear is severely wounded.
The black bear bites you but does no damage.
The black bear claws you but does no damage.
The black bear claws you.
Aiming: Throw Flame
Press: ? - help, Shift-Dir - straight line, f - black bear
Aim: a black bear (severely wounded, berserk, 79% to hit)
The puff of flame misses the black bear.
The black bear closely misses you.
The black bear claws you but does no damage.
The black bear claws you. The black bear bites you.
The black bear barely misses you. The black bear claws you.
Okay, then.
The black bear bites you!
* * * LOW HITPOINT WARNING * * *
The black bear claws you.
You die...

#...####.>..$..................
#.........##########..........#
########..###<# ############
#.†....#########
#..............#
#..............#
##########..............###
.............$.............
###...####......@h......##
#...# #####...........#####.#
#...# #.................# #...#
#.........#########
#...########..................
#:..#..................#####.Z.
#...########.............. ..
#...# #####........... . #...#
#...........Z


You could see a black bear (berserk).

Vanquished Creatures
  Duvessa (D:4)
  An orc warrior (D:4)
  A black bear (D:4)
  2 ogres
  A bullfrog (D:4)
  Dowan (D:4)
  A water moccasin skeleton (D:5)
  A bullfrog skeleton (D:5)
  2 hounds
  A jelly (D:4)
  An orc priest (D:5)
  A centaur skeleton (D:5)
  2 iguanas
  2 orc wizards (D:3)
  4 gnolls (D:3)
  2 howler monkey skeletons (D:4)
  4 adders
  2 shadow imps
  An ufetubus (D:5)
  2 worms (D:4)
  4 dart slugs
  5 orcs
  An endoplasm (D:2)
  5 giant cockroaches
  4 goblins (D:1)
  8 hobgoblins
  3 jackals (D:4)
  9 kobolds
  A quokka (D:4)
  4 ball pythons
  2 bats (D:2)
  A frilled lizard (D:2)
  2 rats
82 creatures vanquished.

Vanquished Creatures (others)
  49 foxfires
49 creatures vanquished.

Grand Total: 131 creatures vanquished

Notes
Turn   | Place    | Note
-------+----------+-------------------------------------------
     0 | D:5      | hawla the Deep Elf Delver began the quest for the Orb.
     0 | D:5      | Reached XP level 1. HP: 13/13 MP: 3/3
   117 | D:3      | Reached XP level 2. HP: 18/18 MP: 4/4
   119 | D:3      | Learned a level 1 spell: Foxfire
  1071 | D:1      | Reached XP level 3. HP: 9/22 MP: 3/5
  1198 | D:2      | Found a snail-covered altar of Cheibriados.
  1263 | D:2      | Found Nurigya's Distillery.
  1599 | D:2      | Bought a potion of lignification for 36 gold pieces
  1599 | D:2      | Bought a potion of degeneration for 12 gold pieces
  1970 | D:3      | Found a radiant altar of Vehumet.
  1985 | D:3      | Reached skill level 7 in Stealth
  2255 | D:3      | Found an iron altar of Okawaru.
  2267 | D:3      | Reached XP level 4. HP: 4/27 MP: 6/6
  2556 | D:3      | Found a hide-covered altar of Uskayaw.
  2629 | D:3      | Found an ornate altar of the Wu Jian Council.
  2629 | D:3      | Found a shadowy altar of Dithmenos.
  2731 | D:3      | Found a shimmering blue altar of Sif Muna.
  2801 | D:2      | Bought a potion of flight for 36 gold pieces
  3017 | D:3      | Reached skill level 1 in Evocations
  3017 | D:3      | Reached XP level 5. HP: 27/31 MP: 7/7
  3023 | D:3      | Got Sif Muna's Guide on Damage Dealing
  3055 | D:4      | Found a stormy altar of Qazlal.
  3235 | D:4      | Found a hazy altar of Hepliaklqana.
  3271 | D:4      | Reached XP level 6. HP: 22/36 MP: 8/8
  3930 | D:4      | Noticed Duvessa
  3930 | D:4      | Noticed Dowan
  3947 | D:4      | Gained mutation: You have an increased reservoir of magic.
                  | (+10% MP) [potion of mutation]
  3947 | D:4      | Gained mutation: Your spells are a little harder to cast,
                  | but a little more powerful. [potion of mutation]
  3947 | D:4      | Gained mutation: You tend to lose your temper in combat.
                  | [potion of mutation]
  3947 | D:4      | Gained mutation: Your muscles are strong. (Str +2) [potion
                  | of mutation]
  3953 | D:4      | Reached skill level 1 in Spellcasting
  3954 | D:4      | Killed Duvessa
  3955 | D:4      | Reached skill level 1 in Conjurations
  3955 | D:4      | Reached skill level 1 in Fire Magic
  4310 | D:4      | Noticed an orc warrior
  4641 | D:4      | Identified the +1 buckler "Dewoden" {Will+}
  4668 | D:4      | Reached XP level 7. HP: 24/41 MP: 11/11
  4669 | D:4      | Reached skill level 5 in Short Blades
  4669 | D:4      | Reached skill level 8 in Stealth
  5068 | D:4      | Killed Dowan
  5725 | D:5      | Reached XP level 8. HP: 39/46 MP: 14/14
  6071 | D:5      | Slain by a black bear

Illustrated notes

Levels and vault maps discovered:
D:1:      saegor_arrival_miasma, layout_basic
D:2:      layout_loops_ring, basic_altar, serial_shops,
          nicolae_shop_window_shopping, chequers_mini_garden
D:3:      layout_basic, grunt_temple_overflow_open, led_sif_book,
          vehumet_altar_wand_db, hangedman_decor_lopped
D:4:      cheibrodos_barr_body, layout_loops_cross, mainiacjoe_overflow_swirl,
          uniq_duvessa
D:5:      layout_basic, lightli_ossuary_entry_decrepit_ruins,
          serial_co_window_serial, co_window_paths_b, co_window_paths_b,
          co_window_paths_a, co_window_corner_a, co_window_of_opportunity_a,
          co_window_corner_a, co_window_cross_1, co_window_corner_b,
          co_window_broadway_c, co_window_broadway_b, co_window_2corner,
          glass_columns_c

Skill      XL: |  1  2  3  4  5  6  7  8 |
---------------+-------------------------+-----
Stealth        | 7 8 |  8.0
Dodging        | 3 4 |  4.0
Short Blades   | 3 4 6 7 |  7.1
Evocations     | 1 2 |  2.0
Spellcasting   | 1 2 |  2.0
Fighting       | 3 |  3.0
Conjurations   | 1 2 |  2.0
Fire Magic     | 1 2 |  2.0

Action                   |  1- 3 |  4- 6 |  7- 9 || total
-------------------------+-------+-------+-------++-------
Melee: Short sword       |   103 |    66 |    83 ||   252
 Cast: Foxfire           |     1 |    26 |     3 ||    30
Evoke: Wand              |     6 |    14 |     4 ||    24
  Use: Scroll            |     9 |     3 |       ||    12
       Potion            |     1 |     9 |       ||    10
 Stab: Sleeping          |    10 |     3 |     5 ||    18
       Invisible         |       |     1 |       ||     1
Armor: Leather armour    |    11 |       |       ||    11
       Robe              |    11 |    18 |    20 ||    49
       Skin              |     7 |     6 |       ||    13
Dodge: Dodged            |    58 |    42 |    51 ||   151
Block: Buckler           |       |     3 |     8 ||    11
